 Dungeon Crawl Stone Soup version 0.16.0-17-g811c1d7 (webtiles) character file.

624825 Patate the Invulnerable (level 27, 0/273 HPs)
             Began as a Minotaur Berserker on Mar 15, 2015.
             Was a High Priest of Trog.
             Killed from afar by a storm dragon (21 damage)
             ... with a bolt of lightning
             ... on level 5 of the Realm of Zot on Mar 20, 2015.
             The game lasted 10:13:34 (93271 turns).

Patate the Invulnerable (Minotaur Berserker)       Turns: 93271, Time: 10:13:35

Health: 0/273      AC: 38    Str: 46    XL:     27
Magic:  34/34      EV: 12    Int:  1    God:    Trog [*****.]
Gold:   4192       SH:  0    Dex:  3    Spells: 0 memorised, 26 levels left

rFire  + + .     SeeInvis +     a - +10 battleaxe of True Grit {freeze, -Cast rN++ Str+7}
rCold  + . .     Clarity  +     J - +3 plate armour {rF+}
rNeg   + + .     SustAb   .     (no shield)
rPois  .         Gourm    .     g - +2 hat
rElec  .         Spirit   .     X - +2 cloak
rCorr  +         Warding  .     R - +2 pair of gloves
rMut   +         Stasis   .     w - +1 pair of boots "Ukatsioff" {rCorr Str+4}
MR     +++..     NoCast   +     u - amulet of resist mutation
Stlth  ..........               V - ring of protection from fire
                                U - ring "Nufemeuwn" {+Inv rC+ MR+ Int-4 Dex-4 SInv}

@: extremely resistant to hostile enchantments, extremely unstealthy
A: retaliatory headbutt, horns 2, berserk 1, clarity, clumsy 1, sense
surroundings 1
a: Burn Spellbooks, Berserk, Trog's Hand, Brothers in Arms, Renounce Religion,
Evoke Invisibility
}: 3/15 runes: slimy, silver, gossamer


You were on level 5 of the Realm of Zot.
You worshipped Trog.
Trog was extremely pleased with you.
You were not hungry.

You visited 11 branches of the dungeon, and saw 58 of its levels.
You visited the Abyss 1 time.

You collected 8560 gold pieces.
You spent 4368 gold pieces at shops.

Inventory:

Hand weapons
 a - the +10 battleaxe of True Grit (weapon) {freeze, -Cast rN++ Str+7}
   (You found it on level 4 of the Spider Nest)

   It has been specially enchanted to freeze those struck by it, causing extra
   injury to most foes and up to half again as much damage against particularly
   susceptible opponents.
   It can also slow down cold-blooded creatures.
   It affects your strength (+7).
   It greatly protects you from negative energy.
   It prevents spellcasting.
 b - the +13 arbalest of Offence {venom, -Cast +Inv Str+5}
   (Trog gifted it to you on level 4 of the Depths)

   It poisons the ammo it fires.
   It affects your strength (+5).
   It lets you turn invisible.
   It prevents spellcasting.
 s - the +6 battleaxe of the Trees {chop, rF- Str+4 Int-2 SInv Stlth+}
   (Trog gifted it to you on level 4 of the Orcish Mines)

   It inflicts extra damage upon your enemies.
   It affects your strength (+4).
   It affects your intelligence (-2).
   It makes you vulnerable to fire.
   It enhances your eyesight.
   It makes you more stealthy.
Missiles
 n - 39 bolts of penetration
 B - 98 bolts of frost
 H - 1389 bolts
 K - 171 bolts of flame
 Y - 55 poisoned bolts
Armour
 g - a +2 hat (worn)
 i - a quicksilver dragon armour
 w - the +1 pair of boots "Ukatsioff" (worn) {rCorr Str+4}
   (You acquired it on level 10 of the Dungeon)

   It affects your strength (+4).
   It protects you from acid and corrosion.
 J - a +3 plate armour of fire resistance (worn)
 R - a +2 pair of gloves (worn)
 X - a +2 cloak (worn)
Rods
 E - a +6 iron rod (10/10)
   (You found it on level 15 of the Dungeon)
 M - a +2 rod of clouds (14/14)
   (You found it on level 8 of the Dungeon)
 O - a +5 rod of inaccuracy (14/14)
   (You took it off a spriggan air mage on level 3 of the Depths)
Jewellery
 q - an uncursed ring of teleport control
 u - an amulet of resist mutation (around neck)
 F - an uncursed ring of sustain abilities
 G - the macabre finger necklace {Ward rN+}
   (You found it on level 9 of the Dungeon)

   [amulet of warding]

   It may prevent the melee attacks of summoned creatures.
   It protects you from negative energy.
 N - an uncursed ring of poison resistance
 P - the ring of the Mage {Wiz MR++ Int+3}
   (You took it off a vampire knight on level 2 of the Vaults)

   [ring of wizardry]

   It improves your spell success rate.
   It affects your intelligence (+3).
   It affects your resistance to hostile enchantments.
 U - the ring "Nufemeuwn" (left hand) {+Inv rC+ MR+ Int-4 Dex-4 SInv}
   (You found it on level 6 of the Pits of Slime)

   [ring of see invisible]

   It affects your intelligence (-4).
   It affects your dexterity (-4).
   It protects you from cold.
   It affects your resistance to hostile enchantments.
   It enhances your eyesight.
   It lets you turn invisible.
 V - a ring of protection from fire (right hand)
Magical devices
 z - a wand of teleportation (3)
 C - a wand of teleportation (1)
Scrolls
 d - 2 scrolls of silence
 e - 11 scrolls of teleportation
 f - a scroll of holy word
 p - a scroll of summoning
 v - 3 scrolls of fog
 x - 2 scrolls of fear
 D - 7 scrolls of recharging
 I - 2 scrolls of magic mapping
 Q - a scroll of blinking
 W - 21 scrolls of identify
 Z - 26 scrolls of remove curse
Potions
 h - 13 potions of restore abilities
 j - 9 potions of agility
 k - 23 potions of curing
 l - a potion of haste
 m - 7 potions of might
 o - 4 potions of invisibility
 r - 2 potions of resistance
 t - 2 potions of cancellation
 T - 4 potions of brilliance
Comestibles
 c - 18 bread rations
 A - 28 meat rations


   Skills:
 O Level 27 Fighting
 O Level 27 Axes
 - Level 15.3 Crossbows
 O Level 27 Armour
 + Level 18.9 Dodging
 - Level 12.1 Evocations


You had 26 spell levels left.
You didn't know any spells.

Dungeon Overview and Level Annotations

Branches:
Dungeon (15/15)            Temple (1/1) D:4            Lair (8/8) D:9
 Shoals (2/5) Lair:3       Spider (5/5) Lair:6        Slime (6/6) Lair:6
    Orc (4/4) D:9             Elf (2/3) Orc:4        Vaults (5/5) D:14
  Crypt (0/3) Vaults:2     Depths (5/5) D:15            Zot (5/5) Depths:5

Altars:
Ashenzari
Cheibriados
Dithmenos
Elyvilon
Fedhas
Gozag
Kikubaaqudgha
Makhleb
Nemelex Xobeh
Okawaru
Qazlal
Ru
Sif Muna
Trog
Vehumet
Xom
Yredelemnul
Zin
The Shining One
Jiyva
Lugonu

Shops:
D:4 }   D:7 :   D:10 *[[((   D:13 =   D:14 !   Orc:4 (*=[   Elf:1 %
Vaults:2 %[?

Portals:
Hell: Lair:8 Depths:1 Depths:2 Depths:3 Depths:4 Depths:5
Abyss: Depths:1 Depths:4
Pandemonium: Depths:3 Depths:4
Ziggurat: Depths:5

Annotations:
Orc:4 S. Bijoux rMut
Elf:2 2 runed doors
Depths:5 1 runed door


Innate Abilities, Weirdness & Mutations

You reflexively headbutt those who attack you in melee.
You have a pair of horns on your head.
You tend to lose your temper in combat.
You possess an exceptional clarity of mind.
You are clumsy. (Dex -2)
You passively map a small area around you.


Message History

As you read the scroll of fog, it crumbles to dust.
The scroll dissolves into smoke.
The tentacled monstrosity tentacle-slaps you but does no damage. x2
The tentacled monstrosity closely misses you.
The tentacled monstrosity barely misses you.
Things that are here:
a halberd; a cloak; a dagger Your two-headed ogre hits the tentacled monstrosity with a giant spiked club!! x2
Your two-headed ogre hits the tentacled monstrosity with a giant spiked club!!!
Your two-headed ogre hits the tentacled monstrosity with a giant spiked club!
The tentacled monstrosity dies!
Trog accepts your kill.
You see here a mace.
Things that are here:
a cloak; a long sword; an enchanted hand axe The storm dragon breathes lightning at you.
The bolt of lightning hits you!
* * * LOW HITPOINT WARNING * * *
The bolt of lightning hits you!
You die...

.##.....##...........#########...
.##.######...........##..........
.#.......######......##..........
.#.......# #......##..........
.#.......# #......##........##
.#.).....# #..?...##........#
.'.......# #......##........#
##.......# #()[.D§##8.......#
#.......# ##@####§§§..8....#
######### #<# #O##########
********* ########§########
,,,,,,,,** #......§§.......#
,,,,,,,,,** ##.............## *
,,,,,,,...** #........(....# **
,,,,.......# ##...........## *,
,,,........# #^.)((......# *,
,,.........# ##..(..(.....## *,


You could see a storm dragon.

Vanquished Creatures
  the royal jelly (Slime:6)
  An orb of fire (Zot:4)
  An ancient lich (Zot:5)
  Sojobo (Depths:2)
  A caustic shrike (Depths:4)
  A Killer Klown (Zot:5)
  Saint Roka (Vaults:1)
  2 curse toes
  2 golden dragons (Depths:5)
  Xtahua (Vaults:2)
  A bone dragon (Depths:5)
  14 tentacled monstrosities
  7 Orb Guardians (Zot:5)
  3 titans
  28 acid blobs
  Polyphemus (Shoals:1)
  A tentacled starspawn (Abyss:2)
  5 sphinxes
  2 octopode crushers (Depths:1)
  Rupert (Spider:3)
  7 shadow dragons
  15 storm dragons
  7 draconian monks
  A lich (Depths:2)
  13 azure jellies
  9 tengu reavers
  12 fire giants
  2 iron dragons
  8 draconian scorchers
  5 ghost moths
  Louise (Spider:3)
  13 frost giants
  5 deep elf sorcerers
  5 draconian knights
  15 emperor scorpions
  15 vault wardens
  An orc warlord (Orc:4)
  6 draconian zealots
  Gastronok (Orc:2)
  19 ironheart preservers
  A reaper (Depths:5)
  Jorgrun (Depths:2)
  9 draconian shifters
  A spriggan defender (Depths:4)
  A war gargoyle (Vaults:5)
  13 very ugly things
  23 stone giants
  8 draconian annihilators
  A draconian caller (Zot:3)
  9 green draconians
  7 vampire knights
  9 grey draconians
  4 deep elf demonologists
  7 pale draconians
  4 dire elephants
  9 black draconians
  A deep elf annihilator (Vaults:5)
  11 purple draconians
  7 yellow draconians
  4 white draconians (Zot:1)
  17 red draconians
  11 mottled draconians
  A crystal guardian (Vaults:4)
  11 ettins
  A merfolk javelineer (Depths:1)
  2 deep elf death magi
  49 vault guards
  8 death oozes
  20 great orbs of eyes
  2 jiangshi (Vaults:2)
  25 fire dragons
  20 ice dragons
  2 deep elf high priests (Vaults:5)
  4 minotaurs
  9 death cobs
  Fannar (Lair:8)
  3 spriggan air magi
  22 yaktaur captains
  A ghost crab (shapeshifter) (D:15)
  11 rakshasas
  2 catoblepae
  15 centaur warriors
  8 deep troll earth magi
  9 hydras
  A merfolk avatar (Shoals:2)
  11 ogre magi
  15 dancing weapons
  4 vampire magi
  3 tengu warriors
  The ghost of TZer0 the Brawler, an experienced TrCK of Xom (Orc:1)
  8 deep troll shamans
  A shock serpent (shapeshifter) (Vaults:5)
  10 spriggan berserkers
  27 death yaks
  3 orc high priests (Orc:4)
  3 sun demons
  A fire crab (shapeshifter) (Depths:2)
  Nergalle (D:10)
  6 hell knights
  2 thrashing horrors (Abyss:2)
  A wretched star (Abyss:2)
  23 deep elf knights
  3 fire crabs
  2 salamander mystics
  5 skeletal warriors
  3 iron trolls (Depths:4)
  2 sea snakes (shapeshifter)
  3 unseen horrors
  A deathcap (Zot:4)
  A sea snake (Shoals:1)
  A giant orange brain (shapeshifter) (D:15)
  A flayed ghost (Depths:3)
  An ice devil (Depths:4)
  7 giant orange brains
  16 deep elf summoners
  Pikel (D:6)
  23 deep trolls
  6 wizards
  13 deep elf conjurers
  20 orc knights
  A wolf spider zombie (D:13)
  11 harpies
  20 ironbrand convokers
  7 hornets
  14 cyclopes
  2 phantasmal warriors
  15 orb spiders
  A wolf spider (shapeshifter) (Vaults:5)
  2 oklob plants
  A manticore (shapeshifter) (Depths:3)
  87 ugly things
  10 hill giants
  2 tengu skeletons (Vaults:2)
  A cyclops (shapeshifter) (Vaults:1)
  A moth of wrath (shapeshifter) (Depths:5)
  8 orc sorcerers
  A faun (shapeshifter) (Depths:1)
  8 necromancers
  30 wolf spiders
  15 moths of wrath
  11 manticores
  2 fauns (Shoals:2)
  14 griffons
  9 elephants
  4 shining eyes
  3 sixfirhies
  3 black mambas
  A hornet (shapeshifter) (Vaults:3)
  5 sirens
  An octopode (shapeshifter) (Depths:3)
  26 vault sentinels
  6 salamanders
  17 spiny frogs
  A gargoyle (D:12)
  4 torpor snails
  4 eyes of devastation
  An orange crystal statue (Elf:1)
  6 orange demons
  61 yaktaurs
  A komodo dragon (shapeshifter) (Vaults:3)
  An elf (shapeshifter) (Vaults:2)
  7 human zombies
  6 komodo dragons
  A kobold demonologist (D:14)
  11 demonic crawlers
  2 efreet
  2 blue devils
  8 freezing wraiths
  6 fire drakes
  2 hellions
  3 red devils
  6 tengu conjurers
  A yaktaur skeleton (Vaults:5)
  13 trolls
  7 wandering mushrooms
  A two-headed ogre (shapeshifter) (D:15)
  3 polar bears
  14 deep elf priests
  5 merfolk
  A hellwing (Depths:4)
  25 jumping spiders
  7 large abominations
  A sphinx simulacrum (Vaults:4)
  A human simulacrum (Vaults:4)
  A polar bear (shapeshifter) (Depths:1)
  14 two-headed ogres
  12 ravens
  159 slime creatures
  A tengu simulacrum (Vaults:2)
  12 boulder beetles
  4 air elementals
  An ice dragon zombie (Depths:5)
  A trapdoor spider zombie (D:12)
  A frost giant simulacrum (Vaults:5)
  A trapdoor spider (shapeshifter) (Depths:1)
  2 ettin skeletons
  3 wraiths
  2 basilisks
  23 deep elf magi
  2 spriggans (Lair:6)
  3 shadows
  28 trapdoor spiders
  28 blink frogs
  66 redbacks
  2 centaur simulacra (D:14)
  74 yaks
  A tarantella (shapeshifter) (Depths:4)
  26 tarantellas
  4 vampires
  A human (D:7)
  9 golden eyes
  4 water elementals
  A yak (shapeshifter) (Vaults:4)
  9 hippogriffs
  2 hungry ghosts
  16 vampire mosquitoes
  A neqoxec (Abyss:2)
  3 wyverns
  26 deep elf fighters
  An elf zombie (Vaults:5)
  2 hogs (D:7)
  3 mottled dragons
  6 wargs
  3 hippogriffs (shapeshifter)
  A redback simulacrum (D:14)
  A deep troll zombie (Vaults:5)
  10 porcupines
  2 hell hounds (Depths:5)
  55 orc warriors
  10 wolves
  A dwarf (shapeshifter) (Depths:5)
  3 wasps
  A spider (shapeshifter) (Vaults:2)
  26 spiders
  13 water moccasins
  2 black bears
  41 ogres
  9 ice beasts
  2 necrophages
  17 boggarts
  16 eyes of draining
  4 phantoms
  5 sky beasts
  An ettin simulacrum (Vaults:1)
  An elf skeleton (Vaults:2)
  4 boring beetles
  28 centaurs
  17 crocodiles
  The ghost of Anturke the Grave Robber, an average DsNe (D:4)
  A yaktaur zombie (Vaults:5)
  12 giant frogs
  4 human skeletons
  2 deep troll simulacra
  3 big kobolds
  15 scorpions
  4 small abominations (Abyss:2)
  16 killer bees
  A boulder beetle zombie (Vaults:1)
  5 wights (D:8)
  2 electric eels
  52 jellies
  A quasit (D:8)
  7 crimson imps
  10 centaur zombies
  2 giant frog zombies
  5 goliath beetles
  5 giant frog skeletons
  16 hounds
  24 orc priests
  2 wyvern simulacra (D:14)
  7 iguanas
  An iron imp (Abyss:2)
  4 centaur skeletons
  32 orc wizards
  21 sheep
  2 elf simulacra (Vaults:2)
  17 hell rats
  14 worker ants
  A hound skeleton (D:3)
  A mummy (D:10)
  3 worker ant zombies
  26 adders
  65 river rats
  3 white imps
  6 giant mites
  3 worms
  6 shadow imps
  An ufetubus (D:14)
  An adder skeleton (D:6)
  An adder zombie (D:5)
  2 oozes
  202 orcs
  3 giant cockroaches
  14 goblins
  21 hobgoblins
  4 jackals (D:4)
  15 kobolds
  14 quokkas
  A ball python (D:6)
  A ball python skeleton (D:5)
  14 bats
  5 giant geckos
  5 giant newts
  A goblin zombie (Orc:4)
  7 orc zombies (Orc:4)
  A quokka zombie (D:6)
  20 rats
  7 spectral orcs (D:10)
  3 ballistomycetes (D:12)
  2 bushes
  3 crawling corpses
  22 fungi
  15 plants
3015 creatures vanquished.

Vanquished Creatures (collateral kills)
  A tentacled monstrosity (Zot:5)
  An acid blob (Slime:6)
  2 tengu reavers
  A shadow dragon (Vaults:5)
  An azure jelly (Slime:6)
  A frost giant (D:15)
  A vault warden (Vaults:5)
  4 stone giants
  A deep troll shaman (Depths:4)
  A pale draconian (Zot:1)
  A mottled draconian (Zot:1)
  A dire elephant (Depths:1)
  2 death oozes (Slime:6)
  2 yaktaur captains (Vaults:5)
  A great orb of eyes (Vaults:1)
  4 death yaks (Lair:8)
  2 dancing weapons (Elf:2)
  A fire crab (Vaults:2)
  3 deep elf knights (Elf:2)
  Erolcha (D:9)
  A necromancer (D:15)
  An ironbrand convoker (Vaults:2)
  A deep elf conjurer (Elf:2)
  A hill giant (D:11)
  A phantasmal warrior (Vaults:5)
  A moth of wrath (Spider:5)
  A vault sentinel (Vaults:5)
  2 orange demons (Lair:8)
  An efreet (D:15)
  4 red devils (Lair:8)
  A hellwing (Lair:8)
  2 blue devils (Lair:8)
  2 deep elf magi
  A deep elf fighter (Elf:2)
  An ice beast (D:8)
  6 orc warriors
  A black bear (D:9)
  A giant frog (D:9)
  3 orc priests
  An orc wizard (D:15)
  A jelly (Slime:6)
  A shadow imp (D:11)
  A giant gecko (D:8)
  6 orcs
  A hobgoblin (D:8)
  A kobold (D:8)
76 creatures vanquished.

Vanquished Creatures (others)
  2 iron trolls
  A deep elf knight (Vaults:5)
  5 deep trolls
  A hill giant (Vaults:2)
  A wolf spider zombie (D:15)
  2 moths of wrath (Zot:5)
  A spiny frog (Lair:6)
  A deep elf priest (Vaults:2)
  4 trolls
  A slime creature (D:15)
  A two-headed ogre (Zot:5)
  A two-headed ogre (shapeshifter) (Depths:4)
  A trapdoor spider (Spider:2)
  2 ogres
  A scorpion (Elf:2)
  An orc (D:6)
  A giant spore (D:12)
  A lurking horror (Abyss:2)
  2 quokkas (Lair:6)
  A butterfly (D:3)
  A crawling corpse (Elf:2)
  3 fungi
  2 plants
37 creatures vanquished.

Grand Total: 3128 creatures vanquished

Notes
Turn   | Place    | Note
--------------------------------------------------------------
     0 | D:1      | Patate, the Minotaur Berserker, began the quest for the Orb.
     0 | D:1      | Reached XP level 1. HP: 19/19 MP: 1/1
   154 | D:1      | Reached XP level 2. HP: 25/27 MP: 1/1
   367 | D:1      | Acquired Trog's second power
   538 | D:1      | Reached skill level 4 in Fighting
   941 | D:2      | Found a bloodstained altar of Trog.
   991 | D:2      | Reached XP level 3. HP: 32/34 MP: 2/2
  1305 | D:3      | Reached XP level 4. HP: 41/41 MP: 2/2
  1401 | D:3      | Reached skill level 5 in Fighting
  1565 | D:3      | Found a stormy altar of Qazlal.
  1573 | D:3      | Reached XP level 5. HP: 48/48 MP: 2/2
  2164 | D:4      | Reached skill level 6 in Fighting
  2183 | D:4      | Acquired Trog's third power
  2195 | D:4      | Reached skill level 5 in Axes
  2376 | D:4      | Reached XP level 6. HP: 51/57 MP: 3/3
  2443 | D:4      | Found Gudgh's Gadget Emporium.
  2456 | D:4      | Noticed Anturke's ghost (average DsNe)
  2470 | D:4      | Killed Anturke's ghost
  2470 | D:4      | Reached skill level 5 in Armour
  2645 | D:4      | Reached skill level 7 in Fighting
  2691 | D:4      | Found a staircase to the Ecumenical Temple.
  2802 | Temple   | Entered the Ecumenical Temple
  3130 | D:4      | Got a pitted dagger
  3131 | D:4      | Identified the +8 dagger "Shumm" {flame, *Rage Int+3} (You found it on level 4 of the Dungeon)
  3139 | D:4      | Gained mutation: You are weak. (Str -2) [potion of mutation]
  3139 | D:4      | Gained mutation: You are resistant to electric shocks. [potion of mutation]
  3139 | D:4      | Gained mutation: Your body is slowly deteriorating. [potion of mutation]
  3166 | D:4      | Reached XP level 7. HP: 66/66 MP: 3/3
  3477 | D:5      | Entered Level 5 of the Dungeon
  3708 | D:5      | Found a shadowy altar of Dithmenos.
  3856 | D:5      | Reached skill level 8 in Fighting
  3954 | D:5      | Found a white marble altar of Elyvilon.
  4161 | D:5      | Reached XP level 8. HP: 67/75 MP: 3/3
  4436 | D:5      | Reached skill level 9 in Fighting
  4828 | D:5      | Found a glowing golden altar of the Shining One.
  4844 | D:6      | Noticed Pikel
  4851 | D:6      | Killed Pikel
  4851 | D:6      | Reached skill level 10 in Fighting
  4851 | D:6      | Reached XP level 9. HP: 86/86 MP: 4/4
  5334 | D:6      | Found a sparkling altar of Nemelex Xobeh.
  5468 | D:7      | Found Ysuavit's Book Boutique.
  5873 | D:7      | Reached skill level 11 in Fighting
  6597 | D:7      | Reached skill level 10 in Axes
  7391 | D:8      | Reached XP level 10. HP: 74/96 MP: 4/4
  8399 | D:9      | Noticed Erolcha
  8410 | D:9      | Killed Erolcha
  8410 | D:9      | Reached skill level 12 in Axes
  8582 | D:9      | Found a staircase to the Lair.
  8795 | D:9      | Found a staircase to the Orcish Mines.
  8896 | Lair:1   | Entered Level 1 of the Lair of Beasts
  9091 | D:9      | Reached skill level 10 in Armour
  9768 | D:10     | Entered Level 10 of the Dungeon
  9768 | D:10     | Found a basalt altar of Yredelemnul.
 10065 | D:10     | Found Yfaz's Antique Armour Shoppe.
 10116 | D:10     | Found Riuni's Assorted Antiques.
 10124 | D:10     | Found Woynwim's Antique Armour Emporium.
 10132 | D:10     | Bought a scroll labeled OKIMIRGHEFA for 38 gold pieces
 10132 | D:10     | Identified a scroll of acquirement
 10133 | D:10     | Got a pair of steaming boots
 10144 | D:10     | Identified the +1 pair of boots "Ukatsioff" {rCorr Str+4} (You acquired it on level 10 of the Dungeon)
 10205 | D:10     | Reached XP level 11. HP: 80/102 MP: 4/4
 10315 | D:10     | Found Olais' Antique Weapon Shoppe.
 10325 | D:10     | Bought a polished broad axe for 234 gold pieces
 10325 | D:10     | Identified the +2 broad axe of the Kidney {freeze, Dex+3} (You bought it in a shop on level 10 of the Dungeon)
 10489 | D:10     | Found Vaisedied's Weapon Shoppe.
 10511 | D:10     | Noticed Nergalle
 10538 | D:10     | Killed Nergalle
 10899 | D:11     | Reached skill level 13 in Armour
 10960 | D:11     | Killed an unseen horror
 11064 | D:11     | Reached skill level 14 in Armour
 11161 | D:11     | Noticed a hill giant
 11167 | D:11     | Killed a hill giant
 11294 | D:11     | Paralysed by a wasp for 2 turns
 11767 | Lair:1   | Reached skill level 15 in Armour
 12454 | Lair:1   | You fall through a shaft!
 12633 | Lair:2   | Reached skill level 16 in Armour
 12913 | Lair:2   | Reached XP level 12. HP: 110/110 MP: 5/5
 12931 | Lair:2   | Received a gift from Trog
 13408 | Lair:1   | Reached skill level 17 in Armour
 14405 | Lair:3   | Received a gift from Trog
 14650 | Lair:3   | Found a bloodstained altar of Trog.
 14735 | Lair:3   | Found a staircase to the Shoals.
 15193 | Lair:4   | Noticed a five-headed hydra
 15204 | Lair:3   | Killed a six-headed hydra
 15501 | Lair:4   | Reached XP level 13. HP: 55/122 MP: 1/5
 15856 | Lair:4   | Got a dazzling flail
 15857 | Lair:4   | Identified the +10 flail of the Enemy {crush, MR+ Int+3 Dex-5} (You found it on level 4 of the Lair of Beasts)
 16859 | Lair:5   | Received a gift from Trog
 17735 | Lair:6   | Reached skill level 15 in Axes
 18023 | Lair:6   | Received a gift from Trog
 18089 | Lair:6   | Found a hole to the Spider Nest.
 18367 | Lair:6   | Found a staircase to the Slime Pits.
 18766 | Lair:7   | You fall through a shaft!
 18766 | Lair:8   | Entered Level 8 of the Lair of Beasts
 18825 | Lair:8   | Reached skill level 15 in Fighting
 18905 | Lair:8   | Noticed Fannar
 18912 | Lair:8   | Killed Fannar
 19009 | Lair:8   | Received a gift from Trog
 19009 | Lair:8   | Reached XP level 14. HP: 132/135 MP: 1/5
 19468 | Lair:8   | Found a burning altar of Makhleb.
 19631 | Lair:8   | Got a polished plate armour
 19674 | Lair:8   | Identified the +0 plate armour of Hadexanod {Int+7} (You took it off a red devil on level 8 of the Lair of Beasts)
 19678 | Lair:8   | Found a gateway to Hell.
 20035 | Lair:8   | Received a gift from Trog
 21282 | Orc:1    | Entered Level 1 of the Orcish Mines
 21282 | Orc:1    | Found a burning altar of Makhleb.
 21631 | Orc:1    | Noticed TZer0's ghost (experienced TrCK)
 21636 | Orc:1    | Killed TZer0's ghost
 21873 | Orc:2    | Received a gift from Trog
 22344 | Orc:2    | Noticed Gastronok
 22348 | Orc:2    | Killed Gastronok
 22764 | Orc:3    | Received a gift from Trog
 22851 | Orc:3    | Gained mutation: Armour fits poorly on your strangely shaped body. [a neqoxec]
 22854 | Orc:3    | Reached skill level 5 in Dodging
 22973 | Orc:4    | Entered Level 4 of the Orcish Mines
 22973 | Orc:4    | Found a staircase to the Elven Halls.
 23390 | Orc:4    | Noticed an orc warlord
 23597 | Orc:4    | Received a gift from Trog
 23765 | Orc:4    | Found Psiajaalela's Antique Armour Emporium.
 23954 | Orc:4    | Found Smazxey's General Store.
 24056 | Orc:4    | Found Rok Fopu's Jewellery Boutique.
 24272 | Orc:4    | Paralysed by an orc sorcerer for 5 turns
 24341 | Orc:4    | Received a gift from Trog
 24342 | Orc:4    | Got an ancient battleaxe {god gift}
 24375 | Orc:4    | Killed an orc warlord
 24375 | Orc:4    | Reached XP level 15. HP: 135/145 MP: 2/6
 24383 | Orc:4    | Found Ungotheh's Antique Weapon Boutique.
 24423 | Orc:4    | Identified the +6 battleaxe of the Trees {chop, rF- Str+4 Int-2 SInv Stlth+} (Trog gifted it to you on level 4 of the Orcish Mines)
 25072 | D:12     | Found a corrupted altar of Lugonu.
 25256 | D:12     | Upgraded the game from 0.16.0-6-gad6103a to 0.16.0-8-gd9ae3a8
 25591 | D:12     | Received a gift from Trog
 26241 | D:13     | Found Qylovoko's Jewellery Shoppe.
 26981 | D:13     | Reached skill level 18 in Armour
 27459 | D:14     | Received a gift from Trog
 27646 | D:14     | Found Xeamamecw's Distillery.
 27664 | D:14     | Bought a potion of heal wounds for 65 gold pieces
 27777 | D:14     | Found a gate to the Vaults.
 28413 | D:15     | Entered Level 15 of the Dungeon
 28934 | D:15     | Found a staircase to the Depths.
 28997 | D:15     | Found a white marble altar of Elyvilon.
 28998 | D:15     | Found a snail-covered altar of Cheibriados.
 28998 | D:15     | Found a burning altar of Makhleb.
 29246 | D:15     | Received a gift from Trog
 29429 | D:15     | Reached XP level 16. HP: 139/157 MP: 2/6
 30101 | D:15     | Noticed a sphinx
 30105 | D:15     | Killed a sphinx
 30113 | D:15     | Noticed a tengu reaver
 30117 | D:15     | Reached skill level 19 in Axes
 30125 | D:15     | Killed a tengu reaver
 31107 | Slime:1  | Entered Level 1 of the Pits of Slime
 31148 | Slime:1  | Noticed an acid blob
 31328 | Slime:1  | Killed an acid blob
 31345 | Slime:1  | Received a gift from Trog
 31485 | Slime:1  | Noticed an acid blob
 31494 | Slime:1  | Killed an acid blob
 31918 | Slime:1  | Noticed an acid blob
 31927 | Slime:1  | Killed an acid blob
 31957 | Slime:2  | Noticed an acid blob
 31959 | Slime:2  | Gained mutation: You passively map a small area around you. [a shining eye]
 32097 | Spider:1 | Entered Level 1 of the Spider Nest
 33661 | Spider:2 | Received a gift from Trog
 34359 | Spider:2 | Reached skill level 1 in Crossbows
 35579 | Spider:3 | Received a gift from Trog
 35579 | Spider:3 | Reached skill level 5 in Crossbows
 35690 | Spider:3 | Noticed Louise
 36700 | Spider:3 | Reached XP level 17. HP: 91/168 MP: 2/6
 36973 | Spider:3 | Noticed Rupert
 37004 | Spider:3 | Killed Louise
 37008 | Spider:3 | Cast into the Abyss (Rupert)
 37044 | Abyss:1  | Got a brightly glowing spear
 37053 | Abyss:2  | Found a corrupted altar of Lugonu.
 37477 | Spider:3 | Escaped the Abyss
 37484 | Spider:3 | Killed Rupert
 37492 | Spider:3 | Identified the +7 spear "Bapt" {pierce, Int+2} (You found it on level 1 of the Abyss)
 37663 | Spider:3 | Received a gift from Trog
 37992 | Spider:4 | Got a faintly glowing battleaxe
 38007 | Spider:4 | Identified the +10 battleaxe of True Grit {freeze, -Cast rN++ Str+7} (You found it on level 4 of the Spider Nest)
 38406 | Spider:4 | Reached skill level 10 in Crossbows
 38515 | Spider:5 | Entered Level 5 of the Spider Nest
 38728 | Spider:5 | Received a gift from Trog
 39157 | Spider:5 | Received a gift from Trog
 39548 | Spider:5 | Received a gift from Trog
 40639 | Spider:4 | Received a gift from Trog
 40932 | Spider:5 | Got a gossamer rune of Zot
 40966 | Spider:5 | Received a gift from Trog
 41312 | Slime:2  | Gained mutation: You are clumsy. (Dex -2) [a shining eye]
 41314 | Slime:2  | Gained mutation: You tend to lose your temper in combat. [a shining eye]
 41324 | Slime:2  | Killed an acid blob
 41329 | Slime:2  | Noticed an acid blob
 41339 | Slime:2  | Killed an acid blob
 41339 | Slime:2  | Reached XP level 18. HP: 128/176 MP: 7/7
 41912 | Depths:1 | Entered Level 1 of the Depths
 42214 | Depths:1 | Received a gift from Trog
 42214 | Depths:1 | Reached skill level 15 in Crossbows
 42910 | Elf:1    | Entered Level 1 of the Elven Halls
 43233 | Elf:1    | Received a gift from Trog
 43304 | Elf:1    | Received a gift from Trog
 43579 | Elf:1    | Found a magical portal.
 43671 | Elf:1    | Found Phuplakatu's Food Shoppe.
 45253 | Elf:2    | Reached skill level 20 in Armour
 45538 | Elf:2    | Found a large runed door.
 45539 | Elf:2    | Found a large runed door.
 45553 | Elf:2    | Received a gift from Trog
 45557 | Elf:2    | Found a large runed door.
 45565 | Elf:2    | Found a large runed door.
 46255 | Elf:2    | Received a gift from Trog
 46445 | Elf:2    | Reached skill level 21 in Armour
 47039 | Vaults:1 | Entered Level 1 of the Vaults
 47519 | Vaults:1 | Received a gift from Trog
 47535 | Vaults:1 | Reached XP level 19. HP: 136/183 MP: 7/7
 47914 | Vaults:1 | Reached skill level 22 in Armour
 48038 | Vaults:1 | Noticed Saint Roka
 48061 | Vaults:1 | Killed Saint Roka
 48061 | Vaults:1 | Received a gift from Trog
 48387 | Vaults:1 | Received a gift from Trog
 49089 | Vaults:1 | Received a gift from Trog
 49351 | Vaults:1 | Reached skill level 23 in Armour
 50014 | Vaults:2 | Found Ysaosam's Magic Scroll Emporium.
 50027 | Vaults:2 | Bought a scroll of fear for 52 gold pieces
 50027 | Vaults:2 | Bought a scroll of teleportation for 45 gold pieces
 50191 | Vaults:2 | Noticed Xtahua
 50206 | Vaults:2 | Killed Xtahua
 50423 | Vaults:2 | Received a gift from Trog
 50487 | Vaults:2 | Found a staircase to the Crypt.
 50754 | Vaults:2 | Received a gift from Trog
 50803 | Vaults:2 | Reached skill level 24 in Armour
 50829 | Vaults:2 | Reached XP level 20. HP: 161/191 MP: 7/7
 50970 | Vaults:2 | Received a gift from Trog
 51131 | Vaults:2 | Reached skill level 25 in Armour
 51289 | Vaults:2 | Found Tropniuwn's Armour Shop.
 51842 | Vaults:2 | Found Graoh Kol's Food Emporium.
 52152 | Vaults:2 | Found Weung's Antique Armour Shop.
 52311 | Vaults:2 | Received a gift from Trog
 52629 | Vaults:2 | Bought a beef jerky for 18 gold pieces
 52629 | Vaults:2 | Bought a slice of pizza for 18 gold pieces
 52629 | Vaults:2 | Bought a beef jerky for 18 gold pieces
 53423 | Vaults:3 | Reached skill level 26 in Armour
 53565 | Vaults:3 | Received a gift from Trog
 53653 | Vaults:3 | Received a gift from Trog
 54720 | Vaults:3 | Received a gift from Trog
 55208 | Vaults:3 | Reached XP level 21. HP: 180/199 MP: 8/8
 55333 | Vaults:3 | Reached skill level 27 in Armour
 55441 | Vaults:3 | Got a translucent pewter amulet
 55443 | Vaults:3 | Identified the amulet "Caihod" {Inacc rF+ rN+} (You found it on level 3 of the Vaults)
 55885 | Vaults:3 | Received a gift from Trog
 57468 | Vaults:4 | Received a gift from Trog
 57929 | Vaults:4 | Found a glowing silver altar of Zin.
 58440 | Vaults:5 | Entered Level 5 of the Vaults
 58456 | Vaults:4 | Upgraded the game from 0.16.0-8-gd9ae3a8 to 0.16.0-11-gd45b091
 58823 | Orc:4    | Bought an uncursed amulet of resist mutation for 440 gold pieces
 59466 | Slime:2  | Received a gift from Trog
 59649 | Slime:2  | Noticed an acid blob
 59657 | Slime:2  | Killed an acid blob
 61265 | Slime:3  | Received a gift from Trog
 61798 | Slime:6  | Entered Level 6 of the Pits of Slime
 61806 | Slime:6  | Received a gift from Trog
 61820 | Slime:6  | Reached XP level 22. HP: 166/220 MP: 8/8
 62174 | Slime:6  | Gained mutation: You often lose your temper in combat. [a shining eye]
 62494 | Slime:6  | Noticed the royal jelly
 62727 | Slime:6  | Found a viscous altar of Jiyva.
 62884 | Slime:6  | Killed the royal jelly
 63450 | Shoals:1 | Entered Level 1 of the Shoals
 63842 | Shoals:1 | Received a gift from Trog
 63862 | Shoals:2 | Noticed Polyphemus
 63870 | Shoals:1 | Killed Polyphemus
 65352 | Vaults:5 | Received a gift from Trog
 66506 | Vaults:5 | Reached XP level 23. HP: 236/236 MP: 8/8
 66553 | Vaults:5 | Received a gift from Trog
 67225 | Vaults:5 | Got a silver rune of Zot
 68022 | Lair:2   | Upgraded the game from 0.16.0-11-gd45b091 to 0.16.0-12-g7215832
 68436 | Depths:1 | Reached skill level 27 in Fighting
 69273 | Depths:1 | Found a one-way gate to the infinite horrors of the Abyss.
 69294 | Depths:1 | Received a gift from Trog
 69801 | Depths:1 | Received a gift from Trog
 70811 | Depths:2 | Upgraded the game from 0.16.0-12-g7215832 to 0.16.0-16-g311141a
 71578 | Depths:2 | Received a gift from Trog
 71663 | Depths:2 | Received a gift from Trog
 71841 | Depths:2 | Noticed Jorgrun
 71851 | Depths:2 | Killed Jorgrun
 72791 | Depths:1 | Received a gift from Trog
 72984 | Depths:2 | Reached XP level 24. HP: 234/249 MP: 9/9
 72987 | Depths:2 | Received a gift from Trog
 73840 | Depths:2 | Noticed Sojobo
 73859 | Depths:2 | Killed Sojobo
 74177 | Depths:3 | Found a one-way gate leading to the halls of Pandemonium.
 74190 | Depths:3 | Lost mutation: You are resistant to electric shocks. [potion of cure mutation]
 74190 | Depths:3 | Lost mutation: Armour fits poorly on your strangely shaped body. [potion of cure mutation]
 74190 | Depths:3 | Lost mutation: Your body is slowly deteriorating. [potion of cure mutation]
 74190 | Depths:3 | Lost mutation: You are weak. (Str -2) [potion of cure mutation]
 74190 | Depths:3 | Lost mutation: You often lose your temper in combat. [potion of cure mutation]
 74483 | Depths:3 | Found a runed door.
 74497 | Depths:3 | Received a gift from Trog
 77701 | Depths:4 | Received a gift from Trog
 77714 | Depths:4 | Got an ancient arbalest {god gift}
 77715 | Depths:4 | Identified the +13 arbalest of Offence {venom, -Cast +Inv Str+5} (Trog gifted it to you on level 4 of the Depths)
 79541 | Depths:5 | Entered Level 5 of the Depths
 79682 | Depths:5 | Reached XP level 25. HP: 234/257 MP: 9/9
 79757 | Depths:5 | Found a gateway to a ziggurat.
 79781 | Depths:5 | Received a gift from Trog
 80233 | Depths:5 | Received a gift from Trog
 80961 | Slime:6  | Got a scorched glass ring
 80963 | Slime:6  | Got a slimy rune of Zot
 80983 | Slime:6  | Got a scorched gossamer ring
 81221 | Lair:2   | Identified the ring "Nufemeuwn" {+Inv rC+ MR+ Int-4 Dex-4 SInv} (You found it on level 6 of the Pits of Slime)
 81223 | Lair:2   | Identified the ring of Ustal {rPois rC- rN+ Dex+3} (You found it on level 6 of the Pits of Slime)
 81283 | Lair:2   | Gained mutation: You possess an exceptional clarity of mind. [potion of beneficial mutation]
 81312 | Lair:2   | Identified a cursed +2 rod of clouds (14/14) (You found it on level 8 of the Dungeon)
 81313 | Lair:2   | Identified a +5 rod of inaccuracy (14/14) (You took it off a spriggan air mage on level 3 of the Depths)
 81342 | Lair:2   | Upgraded the game from 0.16.0-16-g311141a to 0.16.0-17-g811c1d7
 82398 | Depths:5 | Reached skill level 27 in Axes
 82409 | Depths:5 | Reached skill level 1 in Evocations
 83079 | Depths:5 | Found a runed door.
 83079 | Depths:5 | Found a runed door.
 83120 | Depths:5 | Found a runed door.
 83154 | Depths:5 | Found a runed door.
 83206 | Depths:5 | Reached skill level 5 in Evocations
 83223 | Depths:5 | Found a runed door.
 83234 | Depths:5 | Found a runed door.
 83414 | Depths:5 | Received a gift from Trog
 83489 | Depths:5 | Found a gate to the Realm of Zot.
 83776 | Depths:3 | Received a gift from Trog
 84123 | Zot:1    | Entered Level 1 of the Realm of Zot
 84382 | Zot:1    | Reached skill level 10 in Evocations
 85586 | Zot:1    | Received a gift from Trog
 85909 | Zot:1    | Reached skill level 10 in Dodging
 85909 | Zot:1    | Reached XP level 26. HP: 256/266 MP: 33/33
 85960 | Zot:1    | Received a gift from Trog
 87401 | Vaults:2 | Bought a shiny fire dragon armour for 1920 gold pieces
 87412 | Vaults:2 | Bought a steam dragon armour for 1280 gold pieces
 87445 | Vaults:2 | Bought a meat ration for 60 gold pieces
 87445 | Vaults:2 | Bought a bread ration for 60 gold pieces
 87445 | Vaults:2 | Bought a meat ration for 60 gold pieces
 87445 | Vaults:2 | Bought a meat ration for 60 gold pieces
 90023 | Zot:4    | Received a gift from Trog
 90061 | Zot:4    | Reached skill level 15 in Dodging
 91515 | Zot:5    | Entered Level 5 of the Realm of Zot
 91543 | Zot:5    | Received a gift from Trog
 92936 | Zot:5    | Noticed an orb of fire
 92954 | Zot:4    | Killed an orb of fire
 92954 | Zot:4    | Reached XP level 27. HP: 183/273 MP: 34/34
 93158 | Zot:5    | Noticed an ancient lich
 93165 | Zot:5    | Killed an ancient lich
 93271 | Zot:5    | Killed from afar by a storm dragon

Action                   |  1- 3 |  4- 6 |  7- 9 | 10-12 | 13-15 | 16-18 | 19-21 | 22-24 | 25-27 || total
-------------------------+-------+-------+-------+-------+-------+-------+-------+-------+-------++-------
Melee: Hand axe          |    78 |   109 |   151 |       |       |       |       |       |       ||   338
       Dagger            |       |     1 |     7 |       |       |       |       |       |       ||     8
       Battleaxe         |       |       |    65 |   164 |     2 |   502 |   863 |   638 |   409 ||  2643
       War axe           |       |       |    53 |       |       |       |       |       |       ||    53
       Broad axe         |       |       |       |   283 |       |       |       |       |       ||   283
       Executioner's axe |       |       |       |    82 |   985 |   361 |       |       |       ||  1428
       Flail             |       |       |       |       |    20 |       |       |       |       ||    20
       Hand crossbow     |       |       |       |       |       |     1 |       |       |       ||     1
 Fire: Arbalest          |       |       |       |       |       |    65 |    33 |    59 |   413 ||   570
       Hand crossbow     |       |       |       |       |       |   124 |       |       |       ||   124
       Triple crossbow   |       |       |       |       |       |       |   113 |   468 |       ||   581
Invok: Berserk           |       |     2 |     1 |     3 |       |       |       |       |       ||     6
       Burn Spellbooks   |       |     1 |       |     1 |     2 |     5 |     2 |     2 |     4 ||    17
       Brothers in Arms  |       |       |     1 |     3 |     6 |     7 |     5 |     6 |     7 ||    35
       Trog's Hand       |       |       |       |     1 |     3 |     8 |     9 |     7 |     2 ||    30
 Abil: Evoke Teleport Co |       |       |       |       |       |       |       |     2 |     3 ||     5
Evoke: Wand              |       |       |       |       |       |       |       |       |     2 ||     2
       Rod               |       |       |       |       |       |       |       |       |     1 ||     1
  Use: Potion            |     7 |     2 |     1 |     1 |     3 |     2 |     1 |     6 |     1 ||    24
       Scroll            |       |     7 |     2 |     5 |     7 |     7 |     4 |    13 |    20 ||    65
 Stab: Distracted        |       |       |     1 |       |     1 |       |     1 |     1 |       ||     4
  Eat: Chunk             |     2 |     4 |    14 |    27 |    45 |    51 |    35 |    45 |    15 ||   238
       Bread ration      |       |     1 |       |       |       |       |       |       |     3 ||     4
       Fruit             |       |       |       |     3 |     2 |     2 |     4 |    12 |       ||    23
       Pizza             |       |       |       |       |     1 |     5 |     7 |     1 |     4 ||    18
       Beef jerky        |       |       |       |       |       |     1 |     2 |     5 |     3 ||    11
       Meat ration       |       |       |       |       |       |       |     1 |       |     1 ||     2
       Royal jelly       |       |       |       |       |       |       |       |     2 |     2 ||     4
